 Dungeon Crawl Stone Soup version 0.20-a0-544-g2b9a704 (webtiles) character file.

102 Dfrag the Conjurer (level 4, -16/36 HPs)
             Began as a Naga Conjurer on Feb 1, 2017.
             Demolished by an orc warrior
             ... wielding a +0 trident
              (19 damage)
             ... on level 3 of the Dungeon.
             The game lasted 00:04:04 (2253 turns).

Dfrag the Conjurer (Naga Conjurer)                  Turns: 2253, Time: 00:04:05

Health: -16/36     AC:  2    Str: 11    XL:     4   Next: 78%
Magic:  4/9        EV: 10    Int: 16    God:
Gold:   35         SH:  0    Dex: 11    Spells: 7/10 levels left

rFire    . . .     SeeInvis +   m - staff of poison
rCold    . . .     Gourm    .   a - +0 robe
rNeg     . . .     Faith    .   (no shield)
rPois    +         Spirit   .   (no helmet)
rElec    .         Reflect  .   (no cloak)
rCorr    .         Harm     .   (no gloves)
MR       .....                  (no barding)
Stlth    +.........             (no amulet)
Regen    0.2/turn               (no ring)
                                n - ring of loudness (curse)

@: very slow
A: see invisible, deformed body, poison resistance, slowness 2, slow metabolism
1, spit poison 1, AC +1
a: Spit Poison


You were on level 3 of the Dungeon.
You were not hungry.

You visited 1 branch of the dungeon, and saw 3 of its levels.

You collected 35 gold pieces.

Inventory:

Hand Weapons
 o - a +0 hand axe of flaming
Armour
 a - a +0 robe (worn)
Magical Staves
 m - an uncursed staff of poison (weapon)
Jewellery
 n - a cursed ring of loudness (left hand)
Wands
 r - a wand of disintegration (12/24)
Scrolls
 e - a scroll of magic mapping {unknown}
 g - 3 scrolls of teleportation {unknown}
 i - 2 scrolls of remove curse {unknown}
 k - a scroll of identify {unknown}
 q - a scroll of recharging {unknown}
Potions
 d - a potion of curing {unknown}
 h - a potion of might {unknown}
 j - 2 potions of cancellation {unknown}
 l - a potion of agility {unknown}
Books
 b - a book of Conjurations

   Spells                             Type                      Level
   a - Magic Dart                     Conjuration                  1
   b - Searing Ray                    Conjuration                  2
   c - Dazzling Spray                 Conjuration/Hexes            3
   d - Fulminant Prism                Conjuration/Hexes            4
   e - Iskenderun's Mystic Blast      Conjuration                  4
   f - Iskenderun's Battlesphere      Conjuration/Charms           5
Comestibles
 c - 2 bread rations
 f - a meat ration


   Skills:
 - Level 1.5 Dodging
 - Level 3.0 Stealth
 * Level 3.8 Spellcasting
 + Level 4.7 Conjurations


You had 7 spell levels left.
You knew the following spells:

 Your Spells              Type           Power        Failure   Level  Hunger
a - Magic Dart            Conj           ###.         2%          1    None
b - Searing Ray           Conj           ###...       4%          2    ##.....


Dungeon Overview and Level Annotations

Branches:
Dungeon (3/15)

Altars:


Innate Abilities, Weirdness & Mutations

You cannot wear boots.
Your serpentine skin is tough. (AC +1)
You have supernaturally acute eyesight. (SInv)
Armour fits poorly on your strangely shaped body.
Your system is resistant to poisons. (rPois)
You cover ground very slowly.
You have a slow metabolism.
You can spit poison.


Message History

The orc warrior hits you from afar with a trident!!
Ouch! That really hurt!
* * * LOW HITPOINT WARNING * * *
Evoke which item? (* to show all) (? for menu, Esc to quit)
Aiming: Disintegrate (will waste charges)
Press: ? - help, Shift-Dir - straight line, f/p - orc warrior
Aim: an orc warrior, wielding a trident and wearing a plate armour (moderately wounded, chance to defeat MR: 65%)
The orc warrior struggles to resist.
Evoking this partially-identified wand wasted a few charges.
The orc warrior hits you from afar with a trident.
* * * LOW HITPOINT WARNING * * *
Evoke which item? (* to show all) (? for menu, Esc to quit)
Aiming: Disintegrate (will waste charges)
Press: ? - help, Shift-Dir - straight line, f/p - orc warrior
Aim: an orc warrior, wielding a trident and wearing a plate armour (moderately wounded, chance to defeat MR: 65%)
The orc warrior is blasted.
Evoking this partially-identified wand wasted a few charges.
The orc warrior hits you from afar with a trident!!
Ouch! That really hurt!
You die...

#†# #.#
#.# #.#
#o# #o#
#o# #.#
##@#
#..#
#.## #.#
#.# #.#
#.#
######.#
#......#


You could see an orc warrior, an orc wizard and an orc.

Vanquished Creatures
  An adder (D:2)
  4 worms (D:2)
  5 dart slugs
  A leopard gecko (D:2)
  An orc (D:3)
  A ball python (D:2)
  9 bats
  A giant cockroach (D:2)
  9 goblins
  3 hobgoblins
  7 jackals
  8 kobolds
  3 quokkas (D:2)
  7 frilled lizards
  8 rats
68 creatures vanquished.

Notes
Turn   | Place    | Note
-------+----------+-------------------------------------------
     0 | D:1      | Dfrag the Naga Conjurer began the quest for the Orb.
     0 | D:1      | Reached XP level 1. HP: 15/15 MP: 3/3
   128 | D:1      | Reached XP level 2. HP: 22/22 MP: 3/5
   152 | D:1      | Learned a level 2 spell: Searing Ray
   399 | D:1      | Reached XP level 3. HP: 28/28 MP: 7/7
  1259 | D:2      | Reached XP level 4. HP: 36/36 MP: 2/9
  2239 | D:3      | Noticed an orc warrior
  2253 | D:3      | Demolished by an orc warrior

Vault maps used:
D:1:      saegor_arrival_simple_b, minmay_hexomino_c4
D:2:      kennysheep_generic_room_7
D:3:      lemuel_coloured_pillars_altar, serial_glass, glass_columns_c,
          glass_columns_c, first_bread

Skill      XL: |  1  2 |
---------------+-------+-----
Spellcasting   | 3 |  3.8
Dodging        | |  1.5
Stealth        | |  3.0
Conjurations   | |  4.7

Action                   |  1- 3 |  4- 6 || total
-------------------------+-------+-------++-------
Melee: Unarmed           |    15 |     1 ||    16
       Hand axe          |       |     6 ||     6
 Cast: Magic Dart        |    39 |    17 ||    56
       Searing Ray       |     2 |     3 ||     5
 Abil: Spit Poison       |    32 |    18 ||    50
Evoke: Wand              |       |     2 ||     2
 Stab: Sleeping          |       |     1 ||     1
  Eat: Chunk             |     2 |     4 ||     6
Armor: Robe              |    13 |     3 ||    16
Dodge: Dodged            |    25 |    18 ||    43
